[Event "44th Chess Olympiad Open 2022"]
[Site "Chennai"]
[Date "2022.08.09"]
[Round "11.61"]
[White "Salim Issa, Ali Shamas"]
[Black "Gavarrete, Joel"]
[Result "0-1"]
[ECO "D37"]
[WhiteElo "1851"]
[BlackElo "2035"]
[Annotator "NA RC"]
[PlyCount "162"]
[EventDate "2022.07.29"]
[EventType "team-tourn"]
[EventCountry "IND"]
[SourceTitle "playchess.com"]
[Source "ChessBase"]
[SourceQuality "1"]
[WhiteTeam "OMA"]
[BlackTeam "Honduras"]
[BlackTeamCountry "HON"]
[TimeControl "40/5400+30:1800+30"]

1. d4 d5 2. Nf3 Nf6 3. c4 e6 4. Nc3 Be7 5. Qb3 a6 6. cxd5 exd5 7. Bg5 c6 8. e3 O-O 9. Bd3 Nbd7 10. O-O b5 11. a4 b4 12. Nb1 a5 13. Nbd2 c5 14. Bxf6 Nxf6 15. dxc5 Bxc5 16. Rac1 Bb6 17. Qc2 Bd7 18. b3 Qe7 19. Bf5 Rfd8 20. Bxd7 Rxd7 21. Qc6 Rb8 22. Qc2 Rc7 23. Qd3 Rbc8 24. Rxc7 Qxc7 25. h3 h6 26. Qf5 Qc2 27. Qxc2 Rxc2 28. Rd1 Rc3 29. Kf1 Kf8 30. Ke2 Ke7 31. Ne5 Ke6 32. Nd3 g5 33. g3 Rc2 34. Rc1 Rxc1 35. Nxc1 Ne4 36. Nf3 f5 37. Nd3 h5 38. h4 g4 39. Nf4+ Kd6 40. Ng5 Nc5 41. Nxh5 Nxb3 42. Nf4 Bd8 43. Nf7+ Ke7 44. Nxd8 Kxd8 45. Nxd5 Nc5 46. h5 Ke8 47. h6 Kf7 48. Ne7 Nxa4 49. Nxf5 Kg6 50. e4 Nc5 51. e5 a4 52. Kd2 a3 53. Kc2 b3+ 54. Kb1 Na4 55. Ne7+ Kxh6 56. Nd5 Nc5 57. Ne3 Ne4 58. Nc4 Nc3+ 59. Ka1 b2+ 60. Nxb2 axb2+ 61. Kxb2 Nd1+ 62. Kc2 Nxf2 63. Kd2 Kg5 64. e6 Kf6 65. Ke3 Nh3 66. e7 Kxe7 67. Kd4 Kd6 68. Ke4 Ke6 69. Kd4 Kf5 70. Ke3 Ke5 71. Kd3 Nf2+ 72. Ke2 Ne4 73. Ke3 Nxg3 74. Kf2 Kf4 75. Kg2 Ne4 76. Kh2 Kf3 77. Kg1 g3 78. Kf1 g2+ 79. Kg1 Ng3 80. Kh2 Ne2 81. Kh3 g1=Q 0-1

[Event "44th Chess Olympiad Open 2022"]
[Site "Chennai"]
[Date "2022.08.09"]
[Round "11.61"]
[White "Chahin Godoy, Angel Eduardo"]
[Black "Al Kathiri, Mana"]
[Result "1-0"]
[ECO "B12"]
[WhiteElo "1844"]
[BlackElo "1598"]
[Annotator "NA RC COMBH"]
[PlyCount "113"]
[EventDate "2022.07.29"]
[EventType "team-tourn"]
[EventCountry "IND"]
[SourceTitle "playchess.com"]
[Source "ChessBase"]
[SourceQuality "1"]
[WhiteTeam "Honduras"]
[BlackTeam "OMA"]
[WhiteTeamCountry "HON"]
[TimeControl "40/5400+30:1800+30"]

1. e4 c6 2. d4 d5 3. e5 Bf5 4. Nf3 e6 5. c3 c5 6. Be2 Nc6 7. O-O Qb6 8. dxc5 Bxc5 9. b4 Bf8 10. Be3 Qc7 11. Re1 Nh6 12. Qa4 Qd7 13. Bb5 a6 14. Nd4 Rc8 15. Bxc6 bxc6 16. Bxh6 gxh6 17. Nxf5 exf5 18. Qxa6 Be7 19. Nd2 O-O 20. Qe2 Qe6 21. Nf3 Kh8 22. Nd4 Qg6 23. Qf3 Rg8 24. Nxf5 Bg5 25. Re2 Rce8 26. g3 h5 27. h4 Bd8 28. Rae1 Re6 29. Kh2 Rf8 30. Nd4 Ree8 31. a4 Bb6 32. Qf6+ Qxf6 33. exf6 Rxe2 34. Rxe2 Bxd4 35. cxd4 Rb8 36. Rb2 h6 37. f4 Kg8 38. b5 cxb5 39. Rxb5 Ra8 40. a5 Ra6 41. Rxd5 Rxf6 42. Rxh5 Rd6 43. Kg2 Kg7 44. Rb5 Rxd4 45. Kf3 Rd3+ 46. Kg4 Ra3 47. h5 Kh7 48. Kh4 Kg7 49. g4 Rf3 50. a6 Ra3 51. Rb6 Rf3 52. a7 Ra3 53. Rb7 Kf6 54. g5+ hxg5+ 55. fxg5+ Kg7 56. g6 Kh6 57. gxf7 1-0

[Event "44th Chess Olympiad Open 2022"]
[Site "Chennai"]
[Date "2022.08.09"]
[Round "11.62"]
[White "Ursus van Bemmelen"]
[Black "Bobby Ballah"]
[Result "1-0"]
[ECO "E05"]
[WhiteElo "2145"]
[BlackElo "1916"]
[Annotator "NA RC"]
[PlyCount "63"]
[EventDate "2022.07.29"]
[EventType "team-tourn"]
[EventCountry "IND"]
[SourceTitle "playchess.com"]
[Source "ChessBase"]
[SourceQuality "1"]
[WhiteTeam "Netherlands Antilles"]
[BlackTeam "Liberia"]
[WhiteTeamCountry "AHO"]
[BlackTeamCountry "LBR"]
[TimeControl "40/5400+30:1800+30"]

1. d4 Nf6 2. c4 e6 3. Nf3 d5 4. g3 Be7 5. Bg2 O-O 6. O-O dxc4 7. Qa4 c5 8. dxc5 Bxc5 9. Qxc4 Bb6 10. Nc3 Nc6 11. Bf4 Qe7 12. Ne5 Nxe5 13. Bxe5 Nd5 14. Rfd1 Bd7 15. Nxd5 exd5 16. Qxd5 Rfe8 17. Qxd7 Qxe5 18. e3 Rad8 19. Qxb7 Qxb2 20. Bc6 Rb8 21. Qd7 Red8 22. Qf5 g6 23. Qf3 Rd2 24. Rxd2 Qxa1+ 25. Rd1 Qc3 26. Rd7 Qg7 27. Rxf7 Qxf7 28. Bd5 Rf8 29. Bxf7+ Rxf7 30. Qd5 Kg7 31. Qe5+ Kg8 32. Kf1 1-0

[Event "44th Chess Olympiad Open 2022"]
[Site "Chennai"]
[Date "2022.08.09"]
[Round "11.62"]
[White "Arnold Smith"]
[Black "Rurik Capella"]
[Result "1/2-1/2"]
[ECO "B13"]
[WhiteElo "1931"]
[BlackElo "1952"]
[Annotator "TA"]
[PlyCount "62"]
[EventDate "2022.07.29"]
[EventType "team-tourn"]
[EventCountry "IND"]
[SourceTitle "playchess.com"]
[Source "ChessBase"]
[SourceQuality "1"]
[WhiteTeam "Liberia"]
[BlackTeam "Netherlands Antilles"]
[WhiteTeamCountry "LBR"]
[BlackTeamCountry "AHO"]
[TimeControl "40/5400+30:1800+30"]

1. d4 d5 2. Nf3 c5 3. c3 Nc6 4. e3 cxd4 5. exd4 Bg4 6. Be2 {[%emt 0:00:25] B13: Caro-Kann: Exchange Variation and Panov-Botvinnik Attack.} Nf6 7. h3 Bh5 8. O-O {[%emt 0:00:07] White has an edge.} e6 9. Bf4 Bd6 10. Bxd6 Qxd6 11. Nbd2 O-O 12. Re1 Rad8 13. Qc2 {[%emt 0:04:25] [#]} Rfe8 $146 ({Predecessor:} 13... Bg6 14. Bd3 Bxd3 15. Qxd3 Rfe8 16. Re2 h6 17. Ne5 Qc7 18. Ndf3 Ne4 19. Nxc6 bxc6 {0-1 (49) Schreck,A-Pajer,M Hockenheim 1994}) 14. Rad1 Rc8 15. Qb1 Nd7 16. Bd3 f5 17. Be2 Nf6 18. Ne5 Bxe2 19. Rxe2 Re7 20. Rf1 Rf8 21. Ndf3 Ne4 22. Qd3 a6 23. Nxc6 Qxc6 24. Ne5 Qd6 25. Rfe1 b5 26. a3 Rfe8 27. Re3 Rf8 28. Qe2 g6 29. Qd1 Kg7 30. Nd3 h6 (30... f4 $14 31. Rxe4 dxe4 32. Rxe4 Rf5) 31. Nc5 ({Better is} 31. R3e2 $16) 31... Rfe8 {[%emt 0:06:30] Weighted Error Value: White=0.18 (very precise) /Black=0.17 (very precise)} ({Much less strong is} 31... Qf4 32. Nd3 Qd6 33. f3 $16) 1/2-1/2

[Event "44th Chess Olympiad Open 2022"]
[Site "Chennai"]
[Date "2022.08.09"]
[Round "11.62"]
[White "Barcon, Harmon"]
[Black "Roose Alex"]
[Result "1-0"]
[ECO "B32"]
[WhiteElo "1902"]
[BlackElo "1888"]
[Annotator "NA RC"]
[PlyCount "71"]
[EventDate "2022.07.29"]
[EventType "team-tourn"]
[EventCountry "IND"]
[SourceTitle "playchess.com"]
[Source "ChessBase"]
[SourceQuality "1"]
[WhiteTeam "Liberia"]
[BlackTeam "Netherlands Antilles"]
[WhiteTeamCountry "LBR"]
[BlackTeamCountry "AHO"]
[TimeControl "40/5400+30:1800+30"]

1. e4 c5 2. Nf3 Nc6 3. d4 cxd4 4. Nxd4 e5 5. Nf3 Nf6 6. Bd3 d5 7. exd5 Qxd5 8. O-O Bg4 9. Nc3 Bxf3 10. Nxd5 Bxd1 11. Nc7+ Kd8 12. Nxa8 Bg4 13. Be3 Kc8 14. f3 Be6 15. a4 Kb8 16. Nb6 axb6 17. Bxb6 Nd7 18. Bf2 Bc5 19. a5 Bxf2+ 20. Rxf2 Nc5 21. Bf1 Rd8 22. h3 Ka7 23. Rb1 Rd4 24. c3 Rd8 25. b4 Nd3 26. Rd2 Nf4 27. Rxd8 Nxd8 28. b5 Bf5 29. Rd1 Nde6 30. Rd7 Kb8 31. Rxf7 Bg6 32. Re7 Nc5 33. Rxg7 Nb3 34. b6 Kc8 35. a6 bxa6 36. Bxa6+ 1-0

[Event "44th Chess Olympiad Open 2022"]
[Site "Chennai"]
[Date "2022.08.09"]
[Round "11.63"]
[White "Ahmed, Ali Layth Ahmed"]
[Black "Amini, Habibullah"]
[Result "1-0"]
[ECO "E94"]
[WhiteElo "2249"]
[BlackElo "2035"]
[Annotator "RC"]
[PlyCount "123"]
[EventDate "2022.07.29"]
[EventType "team-tourn"]
[EventCountry "IND"]
[SourceTitle "playchess.com"]
[Source "ChessBase"]
[SourceQuality "1"]
[WhiteTeam "Iraq"]
[BlackTeam "Afghanistan"]
[WhiteTeamCountry "IRQ"]
[BlackTeamCountry "AFG"]
[TimeControl "40/5400+30:1800+30"]

1. d4 Nf6 2. c4 g6 3. Nc3 Bg7 4. e4 d6 5. Be2 O-O 6. Bg5 c6 7. Qd2 Nbd7 8. Nf3 e5 9. O-O Qc7 10. Rfe1 Re8 11. d5 Nc5 12. Bd1 a5 13. h3 cxd5 14. cxd5 Bd7 15. a4 Qb6 16. Qc2 Rac8 17. Nd2 Qb4 18. Qb1 h6 19. Be3 Ncxe4 20. Ncxe4 Nxe4 21. Qxe4 Qxb2 22. Qb1 Qc3 23. Be2 f5 24. Rc1 Qxc1+ 25. Qxc1 Rxc1+ 26. Rxc1 Bxa4 27. Nc4 Bf8 28. Nxa5 b5 29. Rc7 Ra8 30. Nc6 Bb3 31. Nb4 Ra5 32. Ra7 Ra4 33. Nc6 Rxa7 34. Bxa7 Bxd5 35. Bxb5 Kf7 36. Kf1 Ke6 37. Nd8+ Ke7 38. Bb6 Bg7 39. Nc6+ Ke6 40. Nb4 Bb3 41. Ke2 d5 42. Nd3 Bc4 43. Bxc4 dxc4 44. Nb4 g5 45. g4 e4 46. Ke3 Bb2 47. Nc2 Ke5 48. Bc7+ Ke6 49. gxf5+ Kxf5 50. Nd4+ Bxd4+ 51. Kxd4 h5 52. Bd6 h4 53. Bh2 g4 54. Kxc4 e3 55. hxg4+ Kxg4 56. fxe3 Kf3 57. Kd4 h3 58. Bf4 Ke2 59. e4 Kf3 60. Ke5 Kg4 61. Bh2 Kg5 62. Kd6 1-0

[Event "44th Chess Olympiad Open 2022"]
[Site "Chennai"]
[Date "2022.08.09"]
[Round "11.63"]
[White "Rabeea, Sabah Nori"]
[Black "Sulaiman, Ahmad Ashrafi"]
[Result "1-0"]
[ECO "D48"]
[WhiteElo "2122"]
[BlackElo "1953"]
[Annotator "NA RC"]
[PlyCount "97"]
[EventDate "2022.07.29"]
[EventType "team-tourn"]
[EventCountry "IND"]
[SourceTitle "playchess.com"]
[Source "ChessBase"]
[SourceQuality "1"]
[WhiteTeam "Iraq"]
[BlackTeam "Afghanistan"]
[WhiteTeamCountry "IRQ"]
[BlackTeamCountry "AFG"]
[TimeControl "40/5400+30:1800+30"]

1. d4 d5 2. Nf3 Nf6 3. c4 c6 4. Nc3 e6 5. e3 Nbd7 6. Bd3 dxc4 7. Bxc4 b5 8. Bd3 a6 9. O-O c5 10. b3 Bb7 11. Bb2 Be7 12. Qe2 O-O 13. Rfd1 Qb6 14. Rac1 Rfd8 15. Bb1 Nf8 16. a3 Rac8 17. dxc5 Bxc5 18. b4 Be7 19. Nd4 Ng6 20. Ba2 Rd7 21. Nb1 Rxc1 22. Rxc1 Ne4 23. f3 Nf6 24. Nd2 Rc7 25. N2b3 Rxc1+ 26. Bxc1 Bd5 27. Qc2 Bc4 28. Na5 Bxa2 29. Qxa2 Nd5 30. Qc2 Qc7 31. Qxc7 Nxc7 32. Ndc6 Kf8 33. e4 Bd6 34. Bb2 f6 35. Nb7 Be7 36. Bd4 Ke8 37. Nb8 Ne5 38. Bxe5 fxe5 39. Nc6 Bg5 40. Nxe5 Bc1 41. Nd3 Bxa3 42. Kf2 Kd7 43. Ke3 Kc6 44. Na5+ Kb6 45. Nb3 Kc6 46. Nd4+ Kd6 47. Nc2 Bxb4 48. Ncxb4 a5 49. e5+ 1-0

[Event "44th Chess Olympiad Open 2022"]
[Site "Chennai"]
[Date "2022.08.09"]
[Round "11.63"]
[White "Mirzaad, S.wahabuddin"]
[Black "Salih, Akar Ali Salih"]
[Result "1-0"]
[ECO "A45"]
[WhiteElo "1999"]
[BlackElo "2243"]
[Annotator "RC"]
[PlyCount "67"]
[EventDate "2022.07.29"]
[EventType "team-tourn"]
[EventCountry "IND"]
[SourceTitle "playchess.com"]
[Source "ChessBase"]
[SourceQuality "1"]
[WhiteTeam "Afghanistan"]
[BlackTeam "Iraq"]
[WhiteTeamCountry "AFG"]
[BlackTeamCountry "IRQ"]
[TimeControl "40/5400+30:1800+30"]

1. d4 Nf6 2. Bf4 g6 3. Nc3 d5 4. e3 Bg7 5. h4 h6 6. Nf3 O-O 7. Be2 c5 8. Nb5 cxd4 9. exd4 Nc6 10. c3 a6 11. Na3 Ng4 12. Qd2 b5 13. Nc2 Re8 14. Rd1 h5 15. Ne3 Nf6 16. Ne5 Na5 17. f3 Nc4 18. Qc1 Be6 19. g4 Nd6 20. Bd3 Qb6 21. Qc2 hxg4 22. fxg4 Nfe4 23. g5 Nf5 24. Nxf5 Bxf5 25. h5 gxh5 26. Rxh5 Qe6 27. Qh2 f6 28. g6 Bxg6 29. Nxg6 Qg4 30. Bxe4 dxe4 31. Rd2 Kf7 32. Rg2 Qe6 33. d5 Qb6 34. Ne5+ 1-0

[Event "44th Chess Olympiad Open 2022"]
[Site "Chennai"]
[Date "2022.08.09"]
[Round "11.63"]
[White "Sakhawaty, Sepehr"]
[Black "Mohammed, Zozek Salah Mohammed"]
[Result "0-1"]
[ECO "B92"]
[WhiteElo "1809"]
[BlackElo "2232"]
[Annotator "RC"]
[PlyCount "64"]
[EventDate "2022.07.29"]
[EventType "team-tourn"]
[EventCountry "IND"]
[SourceTitle "playchess.com"]
[Source "ChessBase"]
[SourceQuality "1"]
[WhiteTeam "Afghanistan"]
[BlackTeam "Iraq"]
[WhiteTeamCountry "AFG"]
[BlackTeamCountry "IRQ"]
[TimeControl "40/5400+30:1800+30"]

1. e4 c5 2. Nf3 d6 3. d4 cxd4 4. Nxd4 Nf6 5. Nc3 a6 6. Be2 e5 7. Nb3 Be7 8. Be3 Be6 9. O-O Nbd7 10. f4 Rc8 11. f5 Bc4 12. Bxc4 Rxc4 13. Nd2 Rc8 14. Kh1 b5 15. a3 Nb6 16. g4 Nc4 17. Nxc4 Rxc4 18. Qf3 Qa8 19. g5 Nxe4 20. f6 gxf6 21. gxf6 Bf8 22. Rad1 Qc6 23. Nd5 Nc5 24. c3 Ne6 25. b3 Rh4 26. Qg3 Nd4 27. Qg2 Nxb3 28. Bg5 Rc4 29. Rf3 Rg8 30. Rh3 h6 31. Qc2 Nd4 32. Rxd4 Rxd4 0-1

[Event "44th Chess Olympiad Open 2022"]
[Site "Chennai"]
[Date "2022.08.09"]
[Round "11.64"]
[White "Hassan, Tarek Ahmed"]
[Black "Mizzi, Jack"]
[Result "1-0"]
[ECO "D04"]
[WhiteElo "2209"]
[BlackElo "1913"]
[Annotator "RC"]
[PlyCount "147"]
[EventDate "2022.07.29"]
[EventType "team-tourn"]
[EventCountry "IND"]
[SourceTitle "playchess.com"]
[Source "ChessBase"]
[SourceQuality "1"]
[WhiteTeam "Egypt"]
[BlackTeam "Malta"]
[WhiteTeamCountry "EGY"]
[BlackTeamCountry "MLT"]
[TimeControl "40/5400+30:1800+30"]

1. d4 d5 2. Nf3 Nf6 3. e3 c6 4. Bd3 Nbd7 5. Nbd2 Qc7 6. c3 e5 7. e4 Bd6 8. O-O O-O 9. Re1 Rd8 10. exd5 cxd5 11. dxe5 Nxe5 12. Nxe5 Bxe5 13. h3 Bh2+ 14. Kh1 Bd6 15. Nb3 h6 16. Qf3 Be5 17. Be3 Bd7 18. Bd4 Re8 19. Re2 Bxd4 20. Nxd4 Rxe2 21. Qxe2 Re8 22. Qd2 Qe5 23. Nf3 Qh5 24. Qf4 Ne4 25. Bxe4 Rxe4 26. Qg3 Re2 27. b3 a5 28. Nd4 Re4 29. Kg1 Kh7 30. Qd3 Qg6 31. Rf1 f5 32. f4 Qd6 33. Qd2 Qe7 34. Nf3 Bb5 35. Re1 Bd3 36. Ne5 Rxe1+ 37. Qxe1 Be4 38. Qe3 Qa3 39. Qg3 Qc1+ 40. Kh2 g5 41. fxg5 hxg5 42. h4 g4 43. Nf7 Kg6 44. Nd8 Qd2 45. Ne6 b5 46. a3 a4 47. b4 Kh5 48. Nf4+ Kh6 49. Kg1 d4 50. cxd4 Qxd4+ 51. Qf2 Qf6 52. Kh2 Qd6 53. Qg3 Qd2 54. Kg1 Qd4+ 55. Qf2 Qd1+ 56. Kh2 Qd6 57. Kg3 Qf6 58. Qe3 Qd6 59. Kf2 Kh7 60. Qa7+ Kh6 61. Kg3 Bc2 62. Qf7 Be4 63. Qe6+ Qxe6 64. Nxe6 Kg6 65. Nd4 Kf6 66. Kf4 Bxg2 67. Nxf5 Bf1 68. Ne3 Be2 69. Nxg4+ Ke6 70. Ne3 Bh5 71. Ke4 Bg6+ 72. Kd4 Kd6 73. Ng2 Be8 74. Nf4 1-0

[Event "44th Chess Olympiad Open 2022"]
[Site "Chennai"]
[Date "2022.08.09"]
[Round "11.64"]
[White "Abdelazeez, Mohamed Abdalla"]
[Black "Pace, Colin"]
[Result "1-0"]
[ECO "A87"]
[WhiteElo "2182"]
[BlackElo "2159"]
[Annotator "RC"]
[PlyCount "59"]
[EventDate "2022.07.29"]
[EventType "team-tourn"]
[EventCountry "IND"]
[SourceTitle "playchess.com"]
[Source "ChessBase"]
[SourceQuality "1"]
[WhiteTeam "Sudan"]
[BlackTeam "Malta"]
[WhiteTeamCountry "SUD"]
[BlackTeamCountry "MLT"]
[TimeControl "40/5400+30:1800+30"]

1. Nf3 g6 2. d4 f5 3. g3 Nf6 4. Bg2 Bg7 5. c4 d6 6. b3 O-O 7. Bb2 Na6 8. O-O Qe8 9. Nbd2 h6 10. Rb1 c6 11. Ba1 g5 12. h4 Qh5 13. b4 Nc7 14. e3 Ng4 15. Rb3 Bf6 16. d5 cxd5 17. cxd5 Nxd5 18. Nxg5 Ndxe3 19. Rxe3 hxg5 20. Bxf6 exf6 21. Re7 gxh4 22. gxh4 f4 23. Qf3 Qh6 24. Rc1 Ne5 25. Qd5+ Kh8 26. Qe4 f5 27. Qd5 f3 28. Rcc7 fxg2 29. Qxd6 Ng6 30. Qd4+ 1-0

[Event "44th Chess Olympiad Open 2022"]
[Site "Chennai"]
[Date "2022.08.09"]
[Round "11.64"]
[White "Darmanin, Jake"]
[Black "Tagelsir, Abubaker"]
[Result "0-1"]
[ECO "B08"]
[WhiteElo "2101"]
[BlackElo "2232"]
[Annotator "RC"]
[PlyCount "62"]
[EventDate "2022.07.29"]
[EventType "team-tourn"]
[EventCountry "IND"]
[SourceTitle "playchess.com"]
[Source "ChessBase"]
[SourceQuality "1"]
[WhiteTeam "Malta"]
[BlackTeam "Sudan"]
[WhiteTeamCountry "MLT"]
[BlackTeamCountry "SUD"]
[TimeControl "40/5400+30:1800+30"]

1. e4 d6 2. d4 Nf6 3. Nc3 g6 4. Nf3 Bg7 5. h3 O-O 6. Be3 a6 7. Qd2 b5 8. a3 Bb7 9. Bd3 Nbd7 10. d5 c6 11. dxc6 Bxc6 12. Nd4 Bb7 13. Bh6 Nc5 14. f3 e5 15. Bxg7 exd4 16. Bxf6 Qxf6 17. Ne2 d5 18. exd5 Bxd5 19. O-O Rfe8 20. Qf4 Qxf4 21. Nxf4 Bc4 22. Bxc4 bxc4 23. Nd5 Re2 24. Rf2 Rxf2 25. Kxf2 Rb8 26. Rb1 c3 27. b4 d3 28. Ne3 d2 29. Nc4 Na4 30. Rd1 Re8 31. Nxd2 Rd8 0-1

[Event "44th Chess Olympiad Open 2022"]
[Site "Chennai"]
[Date "2022.08.09"]
[Round "11.64"]
[White "Vella, Duncan"]
[Black "Abdelhakiem Abdellatief Nogdal"]
[Result "1-0"]
[ECO "B23"]
[WhiteElo "1985"]
[BlackElo "1960"]
[Annotator "TA"]
[PlyCount "69"]
[EventDate "2022.07.29"]
[EventType "team-tourn"]
[EventCountry "IND"]
[SourceTitle "playchess.com"]
[Source "ChessBase"]
[SourceQuality "1"]
[WhiteTeam "Malta"]
[BlackTeam "Sudan"]
[WhiteTeamCountry "MLT"]
[BlackTeamCountry "SUD"]
[TimeControl "40/5400+30:1800+30"]

1. e4 c5 2. Nc3 Nc6 3. Bb5 a6 4. Bxc6 dxc6 5. d3 g6 6. f4 {[%emt 0:00:44] B23: Closed Sicilian: Lines without g3.} Bg7 7. Nf3 Nf6 8. O-O {[%emt 0:00:29] White is better.} O-O 9. Qe1 Bg4 10. Ne5 {[%emt 0:10:58] [#]} Be6 $146 ({Predecessor:} 10... Bc8 11. Be3 Ng4 12. Nxg4 Bxg4 13. Bxc5 Bd7 14. Qf2 b5 15. e5 f5 16. exf6 Bxf6 17. Rae1 Rf7 18. Ne4 Bxb2 19. c3 Bf5 20. Qxb2 Qxd3 21. Ng5 Rg7 22. Bd4 {1-0 (22) Smith,A (2478)-Allemand,C (1775) Lille 2014}) 11. Be3 b6 (11... Nh5 $142) 12. Nxc6 {[%emt 0:02:07] White is more active.} Qc7 13. Ne5 Rad8 14. Nf3 Ng4 15. Bd2 Bd4+ 16. Kh1 f5 (16... Bg7 $16 17. Qh4 Bf6) 17. Ng5 Bc8 18. Nd5 (18. Qh4 $6 e6 $16) (18. e5 $18 {and White stays clearly on top.}) 18... Qd6 (18... Qb7 $16) 19. Qh4 $18 {[%emt 0:06:59][%csl Gg5][%cal Rh4h7] [#]} h5 20. Nf3 $40 {[%emt 0:02:56][%mdl 128] Black is in trouble. Pair of Knights!} Bf6 21. Nxf6+ exf6 (21... Qxf6 $142 22. h3 fxe4) 22. h3 fxe4 23. dxe4 ({And not} 23. hxg4 exf3 24. gxh5 (24. gxf3 hxg4 25. f5 Bxf5 $17) 24... fxg2+ 25. Kxg2 Qd5+ 26. Kf2 Bb7 $15) 23... Kg7 $2 (23... Qc7 24. Rad1 Qh7 25. hxg4 hxg4 26. Qxh7+ Kxh7) 24. e5 ({Resist} 24. hxg4 hxg4 25. e5 Qc6 $18) 24... fxe5 (24... Qc6 $142 25. Rae1 Rxd2 26. Nxd2 Nh6) 25. Bc3 Rde8 26. hxg4 hxg4 27. Nxe5 Rf6 28. Nxg4 Bxg4 29. Qxg4 {[%emt 0:00:11] [#] aiming for Rad1.} Rh8+ 30. Kg1 {[%emt 0:00:05] White wants to mate with Rad1.} Rh5 31. Rad1 Qf8 32. Qd7+ Kh6 33. Bxf6 Qxf6 34. Qd8 (34. Rd6 $142 Qg7 35. Qg4 Qf7 36. f5 Rg5 37. Qf4 Qxf5 38. Qxf5 Rxf5 39. Rxf5) 34... Rf5 35. Qxf6 {[%emt 0:00:23] Weighted Error Value: White=0.16 (very precise) /Black=1.08} 1-0

[Event "44th Chess Olympiad Open 2022"]
[Site "Chennai"]
[Date "2022.08.09"]
[Round "11.65"]
[White "Chimthere, Alfred Charles"]
[Black "Adu Jnr, Lionel"]
[Result "1-0"]
[ECO "B12"]
[WhiteElo "2035"]
[BlackElo "1824"]
[Annotator "NA RC"]
[PlyCount "65"]
[EventDate "2022.07.29"]
[EventType "team-tourn"]
[EventCountry "IND"]
[SourceTitle "playchess.com"]
[Source "ChessBase"]
[SourceQuality "1"]
[WhiteTeam "MAW"]
[BlackTeam "Ghana"]
[BlackTeamCountry "GHA"]
[TimeControl "40/5400+30:1800+30"]

1. e4 c6 2. d4 d5 3. e5 Bf5 4. Bd3 Bxd3 5. Qxd3 e6 6. Ne2 c5 7. c3 a6 8. O-O Nc6 9. b3 Nge7 10. Kh1 g6 11. Bg5 Bg7 12. Nd2 O-O 13. Qh3 Qb6 14. Nf3 cxd4 15. cxd4 h5 16. g4 hxg4 17. Qxg4 Qb5 18. Ng3 Qd3 19. Rad1 Qc3 20. Kg2 Nf5 21. Rd2 Nce7 22. Ne2 Qb4 23. h4 f6 24. exf6 Bxf6 25. Rd3 Kg7 26. Nf4 Qd6 27. Re1 Rf7 28. Rxe6 Qd7 29. Bxf6+ Rxf6 30. Ne5 Nxh4+ 31. Qxh4 Qxe6 32. Nxe6+ Rxe6 33. Rh3 1-0

[Event "44th Chess Olympiad Open 2022"]
[Site "Chennai"]
[Date "2022.08.09"]
[Round "11.65"]
[White "Adu-Poku, Kwabena"]
[Black "Mwale, Joseph"]
[Result "0-1"]
[ECO "D37"]
[WhiteElo "1974"]
[BlackElo "2131"]
[Annotator "NA RC"]
[PlyCount "84"]
[EventDate "2022.07.29"]
[EventType "team-tourn"]
[EventCountry "IND"]
[SourceTitle "playchess.com"]
[Source "ChessBase"]
[SourceQuality "1"]
[WhiteTeam "Ghana"]
[BlackTeam "MAW"]
[WhiteTeamCountry "GHA"]
[TimeControl "40/5400+30:1800+30"]

1. d4 Nf6 2. c4 e6 3. Nf3 d5 4. Nc3 Be7 5. Bf4 O-O 6. e3 b6 7. Bd3 dxc4 8. Bxc4 Bb7 9. O-O a6 10. a4 Qc8 11. Qe2 c5 12. Rac1 Nc6 13. Rfd1 Rd8 14. h3 Nd5 15. Bxd5 exd5 16. dxc5 Bxc5 17. Nxd5 Qf5 18. e4 Qh5 19. Bc7 Re8 20. Bxb6 Bxb6 21. Nxb6 Rab8 22. Nd7 Rbd8 23. Nc5 Rxd1+ 24. Qxd1 Bc8 25. Qd5 Qh6 26. Ng5 Qf6 27. Nxa6 Ne5 28. Nxf7 Nxf7 29. Qc6 Qd8 30. Nc7 Rf8 31. Nd5 Bd7 32. Qa6 Bxh3 33. Rc3 Bd7 34. b4 Ne5 35. Qd6 Nf7 36. Qa6 Ne5 37. a5 Qh4 38. g3 Qxe4 39. Ne3 Bc6 40. Kf1 Qb1+ 41. Ke2 Bf3+ 42. Kd2 Rd8+ 0-1